 Dungeon Crawl Stone Soup version 0.31-a0-45-g5f0c076935 (webtiles) character file.

Game seed: 5828150942403292092

1725 sampeng1 the Covered (level 9, -5/63 (70) HPs)
             Began as a Human Fighter on May 19, 2023.
             Was a Follower of Qazlal.
             Slain by a gnoll
             ... wielding a +0 flail
             ... led by a gnoll sergeant
              (7 damage)
             ... on level 7 of the Dungeon on May 21, 2023.
             The game lasted 00:18:54 (6407 turns).

sampeng1 the Covered (Human Fighter)                Turns: 6407, Time: 00:18:55

HP:   -5/63 (70)    AC: 14    Str: 22    XL:     9   Next: 25%
MP:   9/9           EV:  5    Int:  8    God:    Qazlal [*.....]
Gold: 167           SH: 11    Dex: 12    Spells: 8/8 levels left

rFire   . . .        x - +3 war axe (freeze)
rCold   . . .        p - +0 kite shield
rNeg    . . .        l - +0 plate armour
rPois   .            (no helmet)
rElec   .            (no cloak)
rCorr   .            (no gloves)
SInv    .            g - +0 pair of boots
Will    .....        (no amulet) Stlth
                     (no ring)
HPRegen 0.30/turn    (no ring)
MPRegen 0.11/turn

%: no passive effects
@: heavily drained
A: no striking features
a: Renounce Religion


You were on level 7 of the Dungeon.
You worshipped Qazlal.
Qazlal was aware of your devotion.
You visited 1 branch of the dungeon, and saw 7 of its levels.

You collected 336 gold pieces.
You spent 169 gold pieces at shops.

Inventory:

Hand Weapons
 x - a +3 war axe of freezing (weapon)
Missiles
 m - 15 poisoned darts (quivered)
Armour
 g - a +0 pair of boots (worn)
 l - a +0 plate armour (worn)
 o - a +2 robe of the Archmagi
 p - a +0 kite shield (worn)
Jewellery
 u - a ring of protection from cold
Wands
 c - a wand of roots (11)
 q - a wand of charming (8)
 t - a wand of flame (13)
Scrolls
 a - 2 scrolls of identify
 b - 3 scrolls of blinking {unknown}
 h - 4 scrolls of fear
 i - 4 scrolls of vulnerability
 k - a scroll of silence
 s - 4 scrolls of teleportation
 y - a scroll of magic mapping {unknown}
Potions
 d - a potion of might
 e - 2 potions of resistance
 f - 2 potions of heal wounds
 j - a potion of curing
 n - 2 potions of lignification
 r - 2 potions of degeneration
 v - a potion of invisibility
 w - a potion of magic {unknown}
 z - a potion of mutation {unknown}
 A - a potion of haste {unknown}


   Skills:
 + Level 6.3 Fighting
 + Level 6.0 Axes
 + Level 6.3 Armour
 + Level 6.3 Shields


You had 8 spell levels left.
You didn't know any spells.
Your spell library contained the following spells:

 Spells                   Type           Power      Damage    Failure   Level
 Apportation              Tloc           0%         N/A       100%        1
 Beastly Appendage        Tmut           0%         N/A       100%        1
 Necrotise                Necr           0%         1d4       100%        1
 Summon Small Mammal      Summ           0%         N/A       100%        1
 Blink                    Tloc           0%         N/A       100%        2
 Lesser Beckoning         Tloc           0%         N/A       100%        2
 Momentum Strike          Conj/Tloc      0%         3d8       100%        2
 Wereblood                Tmut           0%         N/A       100%        2
 Call Canine Familiar     Summ           0%         N/A       100%        3
 Gell's Gravitas          Tloc           0%         N/A       100%        3
 Portal Projectile        Hex/Tloc       0%         N/A       100%        3
 Spider Form              Tmut/Pois      0%         N/A       100%        3
 Summon Guardian Golem    Hex/Summ       0%         N/A       100%        3
 Teleport Other           Tloc           0%         N/A       100%        3
 Tukima's Dance           Hex            0%         N/A       100%        3
 Leda's Liquefaction      Hex/Erth       0%         N/A       100%        4
 Blade Hands              Tmut           0%         N/A       100%        5
 Orb of Destruction       Conj           0%         9d5       100%        7
 Spellforged Servitor     Conj/Summ      0%         N/A       100%        7


Dungeon Overview and Level Annotations

Branches:
Dungeon (7/15)             Temple (0/1) D:6

Altars:
Nemelex Xobeh
Qazlal
Zin

Shops:
D:5 (

Portals:
Bailey: D:7


Message History

You block the gnoll's attack. The iguana bites you! The ice beast hits you.
The ice beast freezes you!
* * * LOW HITPOINT WARNING * * *
The hound barely misses you.
Your Axes skill increases to level 6!
You barely miss the gnoll.
The gnoll is moderately wounded.
You closely miss the ice beast. You barely miss the iguana.
You completely miss the hound. You block the hound's attack.
You block the gnoll's attack. You block the gnoll sergeant's attack.
The iguana bites you but does no damage.
The gnoll hits you but does no damage. You block the ice beast's attack.
The hound bites you but does no damage.
You closely miss the gnoll.
The gnoll is moderately wounded.
You hit the iguana.
The iguana seems to slow down.
You freeze the iguana. You barely miss the hound. You slash the ice beast!
You block the hound's attack.
The gnoll hits you from afar with a +0 halberd.
* * * LOW HITPOINT WARNING * * *
The gnoll sergeant hits you from afar with a +0 spear.
* * * LOW HITPOINT WARNING * * *
The ice beast hits you but does no damage.
The gnoll hits you with a +0 flail.
* * * LOW HITPOINT WARNING * * *
You block the iguana's attack. You block the hound's attack.
The gnoll sergeant hits you but does no damage.
The gnoll hits you with a +0 flail.
* * * LOW HITPOINT WARNING * * *
The gnoll barely misses you.
The ice beast hits you but does no damage.
You barely miss the gnoll.
The gnoll is moderately wounded.
You hit the ice beast. You slash the iguana! You freeze the iguana.
You kill the iguana!
Qazlal accepts your kill.
You barely miss the hound. The hound bites you but does no damage.
The ice beast hits you but does no damage.
The gnoll hits you with a +0 flail!
You die...

#..#.<........#
#<..#..........#
....#...........#
######...........#
#.....(.....#
#...........#
###....?......#
##.....h○).....>#
......g@)∩).....#
##....†Y.)......#
##..g.g........#
#.............#
#.............
#.............
..............
..............


You could see an ice beast, a gnoll sergeant, a hound and 2 gnolls.

Vanquished Creatures
  A black bear (D:6)
  A sky beast (D:4)
  An ogre (D:6)
  2 centaurs
  A phantom (D:5)
  3 scorpions
  3 wights (D:6)
  A howler monkey (D:6)
  A hound (D:4)
  2 jellies
  A gnoll bouda (D:6)
  4 orc priests
  A scorpion zombie (D:3)
  Jessica (D:2)
  Ijyb (D:3)
  6 iguanas
  5 orc wizards
  A hound skeleton (D:3)
  7 adders
  7 gnolls
  A howler monkey skeleton (D:3)
  A white imp (D:5)
  An adder skeleton (D:3)
  A worm (D:5)
  3 dart slugs
  16 orcs
  7 ball pythons
  7 endoplasms
  4 giant cockroaches
  6 goblins
  A hobgoblin (D:3)
  12 jackals
  7 kobolds
  7 quokkas
  A ball python skeleton (D:3)
  A ball python zombie (D:3)
  6 bats
  2 frilled lizards
  A jackal zombie (D:3)
  A quokka skeleton (D:3)
  6 rats
142 creatures vanquished.

Notes
Turn   | Place    | Note
-------+----------+-------------------------------------------
     0 | D:1      | sampeng1 the Human Fighter began the quest for the Orb.
     0 | D:1      | Reached XP level 1. HP: 18/18 MP: 1/1
    65 | D:1      | Reached XP level 2. HP: 24/24 MP: 2/2
   149 | D:1      | Reached XP level 3. HP: 20/29 MP: 3/3
   985 | D:2      | Reached XP level 4. HP: 35/35 MP: 4/4
  1181 | D:2      | Noticed Jessica
  1192 | D:2      | Killed Jessica
  1276 | D:2      | Reached XP level 5. HP: 34/42 MP: 5/5
  2128 | D:3      | Found a glowing silver altar of Zin.
  2157 | D:3      | Reached XP level 6. HP: 43/48 MP: 6/6
  2253 | D:3      | Noticed Ijyb
  2271 | D:3      | Killed Ijyb
  2398 | D:3      | Found a stormy altar of Qazlal.
  2558 | D:3      | Found a faded altar of an unknown god.
  2626 | D:3      | Became a worshipper of Qazlal Stormbringer
  2814 | D:4      | Reached XP level 7. HP: 51/55 MP: 7/7
  3671 | D:5      | Entered Level 5 of the Dungeon
  4224 | D:5      | Found Dautouta's Antique Weapon Shoppe.
  4235 | D:5      | Reached skill level 5 in Armour
  4235 | D:5      | Reached skill level 5 in Shields
  4389 | D:5      | Bought a glowing war axe for 169 gold pieces
  4406 | D:5      | Reached skill level 5 in Fighting
  4406 | D:5      | Reached XP level 8. HP: 56/62 MP: 8/8
  5269 | D:6      | Reached skill level 5 in Axes
  5434 | D:6      | Reached * piety under Qazlal
  5606 | D:6      | Reached XP level 9. HP: 68/69 MP: 9/9
  5851 | D:6      | Found a staircase to the Ecumenical Temple.
  5952 | D:6      | Found a sparkling altar of Nemelex Xobeh.
  6379 | D:6      | Upgraded the game from 0.31-a0-43-g46d131a48f to
                  | 0.31-a0-45-g5f0c076935
  6393 | D:7      | Found a flagged portal.
  6406 | D:7      | HP: 1/63 [gnoll/+0 flail[a gnoll sergeant] (6)]
  6407 | D:7      | Slain by a gnoll

Illustrated notes

Levels and vault maps discovered:
D:1:      dpeg_arrival_court, layout_loops_cross, serial_bayou_pond_b
D:2:      layout_basic, uniq_jessica
D:3:      layout_rooms, grunt_qazlal_clouds,
          mainiacjoe_overflow_six_doors_small,
          dreamdust_ecumenical_altar_hidden_monk_grotto, serial_undead,
          serial_undead_a, serial_undead_c, serial_undead_b, serial_undead_a,
          serial_undead_b, serial_undead_c, serial_undead_d, serial_undead_a,
          uniq_ijyb
D:4:      layout_loops_ring
D:5:      layout_basic, serial_shops, nicolae_shop_real_fake_doors
D:6:      layout_loops_cross, mainiacjoe_overflow_concentric_impassable,
          minmay_temple_entry_proselytizer, minmay_misc_feat_secret_circle,
          lightli_corner_chamber
D:7:      layout_layer_cave, nicolae_gozag_seed_capital, kennysheep_slug_shrine,
          enter_bailey_2

Skill      XL: |  1  2  3  4  5  6  7  8  9 |
---------------+----------------------------+-----
Axes           | 3 4 5 6 |  6.0
Fighting       | 4 5 6 |  6.3
Armour         | 4 5 6 |  6.3
Shields        | 4 5 6 |  6.3

Action                     |  1- 3 |  4- 6 |  7- 9 || total
---------------------------+-------+-------+-------++-------
  Melee: War axe           |    75 |   191 |   211 ||   477
  Evoke: Wand              |       |       |     1 ||     1
    Use: Scroll            |     5 |     3 |     2 ||    10
         Potion            |       |       |     3 ||     3
 Armour: Scale mail        |    41 |    31 |       ||    72
         Plate armour      |       |   141 |   161 ||   302
  Dodge: Dodged            |    42 |    65 |    59 ||   166
  Block: Buckler           |    21 |    50 |    15 ||    86
         Kite shield       |       |       |   121 ||   121

Table legend: (Time is in decaauts)
 A = Elapsed time spent in this place.
 B = Non-inter-level travel time spent in this place.
 C = Inter-level travel time spent in this place.
 D = Time resting spent in this place.
 E = Time spent auto-exploring this place.
 F = Levels seen in this place.
 G = Mean time per level.
                   A        B        C        D        E       F      G
               +--------+--------+--------+--------+--------+-----+--------+
         Total |   6586 |   6280 |    306 |      0 |   4451 |   7 |  940.9 |
       Dungeon |   6586 |   6280 |    306 |      0 |   4451 |   7 |  940.9 |
               +--------+--------+--------+--------+--------+-----+--------+

Top non-repeatable levels by time:
     D:5: 1467 daAuts
     D:6: 1294 daAuts
     D:2: 1074 daAuts
     D:4: 1028 daAuts
     D:1: 993 daAuts
     D:3: 699 daAuts
     D:7: 28 daAuts
